 Dungeon Crawl Stone Soup version 0.29.0 (webtiles) character file.

Game seed: 7189964999215494570

4402 kaikaun the Carver (level 10, -4/82 HPs)
             Began as a Gnoll Cinder Acolyte on Sept 3, 2022.
             Was a High Priest of Ignis.
             Slain by a komodo dragon (shapeshifter) (28 damage)
             ... on level 8 of the Dungeon.
             The game lasted 00:21:21 (7916 turns).

kaikaun the Carver (Gnoll Cinder Acolyte)           Turns: 7916, Time: 00:21:22

Health: -4/82      AC: 11    Str: 14    XL:     10   Next: 35%
Magic:  12/19      EV: 13    Int: 20    God:    Ignis [*****.]
Gold:   928        SH:  0    Dex: 11    Spells: 19/21 levels left

rFire   + . .      SeeInvis .   b - +11 short sword of Eclaepn {vorpal, rPois}
rCold   . . .      Faith    .   (no shield)
rNeg    + . .      Spirit   .   y - +0 leather armour
rPois   +          Reflect  .   (no helmet)
rElec   .          Harm     .   g - +0 cloak
rCorr   .          Rampage  .   (no gloves)
Will    .....                   (no boots)
Stlth   +++.......              l - amulet of magic regeneration
HPRegen 0.23/turn               o - ring of positive energy
MPRegen 0.56/turn               H - +6 ring of intelligence

@: lethally poisoned (-4 -> -5), fiery-armoured
A: fangs 1, strong nose, distributed training
a: Renounce Religion, Fiery Armour, Foxfire Swarm, Rising Flame


You were on level 8 of the Dungeon.
You worshipped Ignis.
Ignis was extremely pleased with you.
You visited 2 branches of the dungeon, and saw 9 of its levels.
You also visited: Bailey.

You collected 928 gold pieces.

Inventory:

Hand Weapons
 a - a +0 sling
 b - the +11 short sword of Eclaepn (weapon) {vorpal, rPois}
   (You found it on level 8 of the Dungeon)

   It inflicts extra damage upon your enemies.
   rPois:     It protects you from poison.
 c - a -1 falchion of flaming
 d - a +1 dagger of speed
 i - a +2 rapier of draining
Missiles
 J - 6 curare-tipped darts
 L - 2 poisoned darts
Armour
 g - a +0 cloak (worn)
 y - a +0 leather armour (worn)
Jewellery
 l - an amulet of magic regeneration (around neck)
 o - a ring of positive energy (left hand)
 H - a +6 ring of intelligence (right hand)
Wands
 u - a wand of digging (6)
 w - a wand of roots (5)
 x - a wand of flame (3)
Scrolls
 e - 2 scrolls of fog {unknown}
 f - 2 scrolls of torment {unknown}
 j - a scroll of amnesia {unknown}
 n - 8 scrolls of teleportation {unknown}
 q - a scroll of poison {unknown}
 s - a scroll of silence {unknown}
 A - 2 scrolls of vulnerability {unknown}
 B - a scroll of enchant armour {unknown}
 E - a scroll of fear {unknown}
 F - a scroll of immolation {unknown}
 I - a scroll of identify
 K - a scroll of blinking {unknown}
 M - 2 scrolls of noise {unknown}
Potions
 h - 2 potions of curing
 k - 6 potions of flight
 m - 4 potions of heal wounds
 O - a potion of ambrosia


   Skills:
 + Level 8.6 Fighting
 + Level 5.4 Short Blades
 + Level 8.6 Long Blades
 + Level 5.4 Axes
 + Level 5.4 Maces & Flails
 + Level 5.4 Polearms
 + Level 5.4 Staves
 + Level 5.4 Ranged Weapons
 + Level 5.4 Throwing
 + Level 5.4 Armour
 + Level 5.4 Dodging
 + Level 5.4 Stealth
 + Level 5.4 Shields
 + Level 5.4 Unarmed Combat
 + Level 6.1 Spellcasting
 + Level 4.4 Conjurations
 + Level 4.4 Hexes
 + Level 4.4 Summonings
 + Level 4.4 Necromancy
 + Level 4.4 Translocations
 + Level 4.4 Transmutations
 + Level 7.1 Fire Magic
 + Level 4.4 Ice Magic
 + Level 4.4 Air Magic
 + Level 4.4 Earth Magic
 + Level 4.4 Poison Magic
 + Level 5.9 Invocations
 + Level 5.4 Evocations


You had 19 spell levels left.
You knew the following spells:

 Your Spells              Type           Power      Damage    Failure   Level
a - Scorch                Fire           68%        2d8       1%          2

Your spell library contained the following spells:

 Spells                   Type           Power      Damage    Failure   Level
 Summon Small Mammal      Summ           96%        N/A       1%          1
 Call Canine Familiar     Summ           24%        N/A       6%          3
 Gell's Gravitas          Tloc           24%        N/A       6%          3
 Lesser Beckoning         Tloc           24%        N/A       6%          3
 Teleport Other           Tloc           24%        N/A       6%          3
 Petrify                  Tmut/Erth      24%        N/A       21%         4
 Lee's Rapid Deconstruct  Erth           12%        3d9*      50%         5
 Iron Shot                Conj/Erth      12%        9d3       97%         6


Dungeon Overview and Level Annotations

Branches:
Dungeon (8/15)             Temple (1/1) D:6            Lair (0/5) D:8
 Bailey (visited)

Altars:
Ashenzari
Cheibriados
Dithmenos
Elyvilon
Fedhas
Gozag
Hepliaklqana
Kikubaaqudgha
Makhleb
Nemelex Xobeh
Okawaru
Qazlal
Ru
Sif Muna
Trog
Vehumet
Wu Jian
Xom
Zin


Innate Abilities, Weirdness & Mutations

You have very sharp teeth.
Your uncanny sense of smell can sniff out nearby items.
Your experience applies equally to all skills.


Message History

The kobold brigand is heavily wounded.
The kobold brigand's fire resistance burns away.
The kobold brigand throws a poisoned dart.
The poisoned dart hits you!
You are poisoned.
Casting: Scorch (safe; 1% risk of failure)
Confirm with . or Enter, or press ? or * to list all spells.
Flames lash the kobold brigand.
The kobold brigand is burned terribly!
The kobold brigand is almost dead.
You feel very sick.
The kobold brigand zaps a wand.
You struggle to resist.
Casting: Scorch (safe; 1% risk of failure)
Confirm with . or Enter, or press ? or * to list all spells.
Flames lash the kobold brigand.
The kobold brigand is burned terribly!
You kill the kobold brigand!
You feel sick.
You feel sick.
Casting: Scorch (safe; 1% risk of failure)
Confirm with . or Enter, or press ? or * to list all spells.
Flames lash the elephant.
The elephant is lightly wounded.
The elephant's fire resistance burns away.
You feel sick.
The elephant changes into a komodo dragon!
Casting: Scorch (safe; 1% risk of failure)
Confirm with . or Enter, or press ? or * to list all spells.
Flames lash the komodo dragon.
The komodo dragon is lightly wounded.
The komodo dragon's fire resistance burns away.
You feel sick.
Casting: Scorch (safe; 1% risk of failure)
Confirm with . or Enter, or press ? or * to list all spells.
Flames lash the komodo dragon.
The komodo dragon is lightly wounded.
You feel sick.
b - the +11 short sword of Eclaepn (weapon)
{vorpal, rPois} The komodo dragon bites you!!
A protective cloak of flame settles atop you.
You feel sick. The komodo dragon bites you!!
You die...

########### #...@.....#
##..≈l≈≈...######
##..≈≈§≈≈≈.<'....# ###
##..≈≈≈)>≈≈≈.####.####..
#..≈≈≈....≈≈≈.# #.##....
#.≈≈≈.8..8.≈≈≈# #......#
#.≈≈8##''##8≈≈# #..#####
#≈≈≈##....##≈≈≈##<......
#≈≈##......##≈≈....##..#


You could see a komodo dragon shaped shifter (combustible).

Vanquished Creatures
  Pikel (D:5)
  Joseph (D:7)
  Sigmund (D:5)
  A steam dragon (D:8)
  3 water moccasins
  4 orc warriors (Bailey)
  2 ice beasts
  3 black bears
  3 centaurs (D:7)
  3 lemures (D:5)
  An ogre (D:5)
  A kobold brigand (D:8)
  3 bullfrogs
  A necrophage (D:7)
  3 scorpions
  5 wights (D:6)
  An electric eel (D:8)
  10 howler monkeys
  8 hounds
  6 orc wizards
  4 iguanas
  6 adders
  4 gnolls
  A shadow imp (D:5)
  2 white imps
  2 ufetubi (D:4)
  2 dart slugs
  2 worms
  21 orcs
  3 bats
  8 endoplasms
  4 giant cockroaches
  9 hobgoblins
  3 jackals (D:1)
  18 kobolds
  2 ball pythons
  3 frilled lizards
  4 goblins
  4 rats
163 creatures vanquished.

Notes
Turn   | Place    | Note
-------+----------+-------------------------------------------
     0 | D:1      | kaikaun the Gnoll Cinder Acolyte began the quest for the
                  | Orb.
     0 | D:1      | Reached XP level 1. HP: 23/23 MP: 4/4
   123 | D:1      | Reached XP level 2. HP: 27/29 MP: 5/5
   126 | D:1      | Learned a level 2 spell: Scorch
   799 | D:1      | Got the Precepts of Leadership and Geology
   942 | D:2      | Found a faded altar of an unknown god.
  1099 | D:2      | Reached XP level 3. HP: 35/35 MP: 7/7
  1337 | D:3      | Reached skill level 1 in Invocations
  1616 | D:3      | Found a broken altar of Ashenzari.
  1689 | D:3      | Reached skill level 1 in Short Blades
  1689 | D:3      | Reached skill level 1 in Axes
  1689 | D:3      | Reached skill level 1 in Maces & Flails
  1689 | D:3      | Reached skill level 1 in Polearms
  1689 | D:3      | Reached skill level 1 in Staves
  1689 | D:3      | Reached skill level 1 in Ranged Weapons
  1689 | D:3      | Reached skill level 1 in Throwing
  1689 | D:3      | Reached skill level 1 in Armour
  1689 | D:3      | Reached skill level 1 in Dodging
  1689 | D:3      | Reached skill level 1 in Stealth
  1689 | D:3      | Reached skill level 1 in Shields
  1689 | D:3      | Reached skill level 1 in Unarmed Combat
  1689 | D:3      | Reached skill level 1 in Evocations
  1689 | D:3      | Reached XP level 4. HP: 41/41 MP: 2/8
  1844 | D:3      | Reached skill level 1 in Conjurations
  1844 | D:3      | Reached skill level 1 in Hexes
  1844 | D:3      | Reached skill level 1 in Summonings
  1844 | D:3      | Reached skill level 1 in Necromancy
  1844 | D:3      | Reached skill level 1 in Translocations
  1844 | D:3      | Reached skill level 1 in Transmutations
  1844 | D:3      | Reached skill level 1 in Ice Magic
  1844 | D:3      | Reached skill level 1 in Air Magic
  1844 | D:3      | Reached skill level 1 in Earth Magic
  1844 | D:3      | Reached skill level 1 in Poison Magic
  2159 | D:4      | Reached XP level 5. HP: 47/47 MP: 5/9
  2425 | D:4      | Reached XP level 6. HP: 53/53 MP: 7/11
  2610 | D:5      | Entered Level 5 of the Dungeon
  2770 | D:5      | Noticed a water moccasin
  2776 | D:5      | Killed a water moccasin
  2777 | D:5      | Reached XP level 7. HP: 58/60 MP: 6/12
  2879 | D:5      | Found a white marble altar of Elyvilon.
  2987 | D:5      | Noticed Sigmund
  2995 | D:5      | Killed Sigmund
  3050 | D:5      | Found a blossoming altar of Fedhas.
  3070 | D:5      | Reached XP level 8. HP: 59/67 MP: 8/14
  3455 | D:5      | Noticed Pikel
  3493 | D:5      | Killed Pikel
  3746 | D:5      | Reached XP level 9. HP: 73/73 MP: 12/16
  3903 | D:6      | Reached skill level 5 in Spellcasting
  4124 | D:6      | Found a staircase to the Ecumenical Temple.
  4137 | Temple   | Entered the Ecumenical Temple
  4856 | D:7      | Noticed Joseph
  4863 | D:7      | Killed Joseph
  4864 | D:7      | Reached skill level 5 in Invocations
  6066 | D:7      | Reached skill level 5 in Short Blades
  6066 | D:7      | Reached skill level 5 in Axes
  6066 | D:7      | Reached skill level 5 in Maces & Flails
  6066 | D:7      | Reached skill level 5 in Polearms
  6066 | D:7      | Reached skill level 5 in Staves
  6066 | D:7      | Reached skill level 5 in Ranged Weapons
  6066 | D:7      | Reached skill level 5 in Throwing
  6066 | D:7      | Reached skill level 5 in Armour
  6066 | D:7      | Reached skill level 5 in Dodging
  6066 | D:7      | Reached skill level 5 in Stealth
  6066 | D:7      | Reached skill level 5 in Shields
  6066 | D:7      | Reached skill level 5 in Unarmed Combat
  6066 | D:7      | Reached skill level 5 in Evocations
  6066 | D:7      | Reached XP level 10. HP: 47/81 MP: 14/18
  6360 | D:7      | Found an ancient bone altar of Kikubaaqudgha.
  6362 | D:7      | Found a sacrificial altar of Ru.
  6362 | D:7      | Found a bloodstained altar of Trog.
  6362 | D:7      | Found an iron altar of Okawaru.
  6369 | D:7      | Found a shadowy altar of Dithmenos.
  6369 | D:7      | Found a stormy altar of Qazlal.
  6599 | D:8      | Found a flagged portal.
  6631 | Bailey   | Entered a bailey
  7552 | D:8      | Found a staircase to the Lair.
  7607 | D:8      | Noticed a guardian serpent
  7614 | D:8      | Identified the +11 short sword of Eclaepn {vorpal, rPois}
  7907 | D:8      | Noticed an elephant
  7912 | D:8      | an elephant changed into a komodo dragon
  7916 | D:8      | Slain by a komodo dragon (shapeshifter)

Illustrated notes

Levels and vault maps discovered:
D:1:      dpeg_arrival_line_fractal, layout_rooms
D:2:      layout_rooms, ebering_ecumenical_altar_sacrificial
D:3:      layout_loops_cross, mainiacjoe_overflow_boulevard
D:4:      layout_gridville, patterned_corridor
D:5:      layout_gridville, mainiacjoe_overflow_alcove_1, minmay_ruined_shrine,
          uniq_pikel, uniq_sigmund
D:6:      layout_rooms, minmay_temple_entry_statues
D:7:      layout_loops_ring, minmay_overflow_temple_hex, uniq_joseph
D:8:      layout_basic, lair_entry_dummy, enter_bailey_6, kennysheep_island_fort
Temple:   nicolae_temple_bog_church

Skill      XL: |  1  2  3  4  5  6  7  8  9 10 |
---------------+-------------------------------+-----
Invocations    | 1 2 3 4 5 |  5.9
Short Blades   | 1 2 3 5 |  5.4
Axes           | 1 2 3 5 |  5.4
Maces & Flails | 1 2 3 5 |  5.4
Polearms       | 1 2 3 5 |  5.4
Staves         | 1 2 3 5 |  5.4
Ranged Weapons | 1 2 3 5 |  5.4
Throwing       | 1 2 3 5 |  5.4
Armour         | 1 2 3 5 |  5.4
Dodging        | 1 2 3 5 |  5.4
Stealth        | 1 2 3 5 |  5.4
Shields        | 1 2 3 5 |  5.4
Unarmed Combat | 1 2 3 5 |  5.4
Spellcasting   | 3 4 5 6 |  6.1
Evocations     | 1 2 3 5 |  5.4
Conjurations   | 1 2 3 4 |  4.4
Hexes          | 1 2 3 4 |  4.4
Summonings     | 1 2 3 4 |  4.4
Necromancy     | 1 2 3 4 |  4.4
Translocations | 1 2 3 4 |  4.4
Transmutations | 1 2 3 4 |  4.4
Ice Magic      | 1 2 3 4 |  4.4
Air Magic      | 1 2 3 4 |  4.4
Earth Magic    | 1 2 3 4 |  4.4
Poison Magic   | 1 2 3 4 |  4.4
Fighting       | 7 8 |  8.6
Long Blades    | 7 8 |  8.6
Fire Magic     | 6 7 |  7.1

Action                   |  1- 3 |  4- 6 |  7- 9 | 10-12 || total
-------------------------+-------+-------+-------+-------++-------
Melee: Falchion          |    67 |     2 |    25 |       ||    94
       Bite              |     5 |       |    15 |     6 ||    26
       Rapier            |       |       |    54 |    43 ||    97
       Punch             |       |       |     3 |     1 ||     4
 Fire: Sling             |    40 |    40 |   102 |    73 ||   255
 Cast: Scorch            |    10 |    32 |   118 |    30 ||   190
Invok: Fiery Armour      |       |       |     1 |     1 ||     2
  Use: Scroll            |     3 |     1 |     3 |     3 ||    10
       Potion            |       |       |     1 |     1 ||     2
 Stab: Sleeping          |     1 |       |     1 |       ||     2
Armor: Robe              |    23 |     1 |       |       ||    24
       Leather armour    |       |       |    35 |    14 ||    49
Dodge: Dodged            |    41 |     3 |    99 |    45 ||   188
